 Dungeon Crawl Stone Soup version 0.27-a0-412-g8dd771eca2 (webtiles) character file.

Game seed: 13855338289472696556

151 meliss the Slasher (level 5, -1/47 HPs)
             Began as a Minotaur Berserker on Feb 24, 2021.
             Was a Believer of Trog.
             Slain by Natasha (9 damage)
             ... on level 2 of the Dungeon.
             The game lasted 00:12:06 (1648 turns).

meliss the Slasher (Minotaur Berserker)             Turns: 1648, Time: 00:12:08

Health: -1/47      AC:  3    Str: 22    XL:     5   Next: 11%
Magic:  4/4        EV: 12    Int:  4    God:    Trog [**....]
Gold:   55         SH:  0    Dex: 10    Spells: 4/4 levels left

rFire    . . .     SeeInvis .   a - +0 falchion
rCold    . . .     Faith    .   (no shield)
rNeg     . . .     Spirit   .   b - +0 animal skin
rPois    .         Reflect  .   (helmet restricted)
rElec    .         Harm     .   (no cloak)
rCorr    .         Rampage  .   (no gloves)
Will     .....                  g - +0 pair of boots
Stlth    +.........             (no amulet)
HPRegen  0.15/turn              (no ring)
MPRegen  0.09/turn              (no ring)

@: brilliant
A: retaliatory headbutt, horns 2
a: Renounce Religion, Berserk, Trog's Hand


You were on level 2 of the Dungeon.
You worshipped Trog.
Trog was pleased with you.
You visited 1 branch of the dungeon, and saw 2 of its levels.

You collected 55 gold pieces.

Inventory:

Hand Weapons
 a - a +0 falchion (weapon)
Armour
 b - a +0 animal skin (worn)
 g - a +0 pair of boots (worn)
Scrolls
 d - a scroll of enchant weapon {unknown}
 e - a scroll of amnesia {unknown}
 f - 3 scrolls of identify {unknown}
 j - a scroll of enchant armour {unknown}
 k - a scroll of teleportation {unknown}


   Skills:
 + Level 4.8 Fighting
 + Level 5.4 Long Blades
 + Level 2.8 Armour
 + Level 3.0 Dodging
 + Level 0.6 Stealth


You had 4 spell levels left.
You didn't know any spells.
Your spell library was empty.

Dungeon Overview and Level Annotations

Branches:
Dungeon (2/15)

Altars:

Annotations:
D:2 Natasha


Innate Abilities, Weirdness & Mutations

You reflexively headbutt those who attack you in melee.
You have a pair of horns on your head.


Message History

You cannot move.
You cannot move.
You start resting.
Your transformation is almost over.
You start resting.
Natasha, Servant of Life and Death comes into view.
Natasha is nearby!
Natasha is nearby!
Natasha is nearby!
Natasha is nearby!
Natasha is nearby!
Natasha is nearby!
Your extra speed is starting to run out.
Natasha casts a spell at you. The magic dart hits you!
* * * LOW HITPOINT WARNING * * *
You cannot move.
Natasha is nearby!
Natasha is nearby!
Natasha is nearby!
Natasha is nearby!
Natasha is nearby!
Natasha is nearby!
Natasha is nearby!
It was a potion of brilliance.
You feel clever all of a sudden.
Natasha is nearby!
Natasha is nearby!
Natasha is nearby!
Natasha is nearby!
Natasha drinks a potion.
Natasha seems to speed up.
You feel yourself slow down.
You hit Natasha but do no damage.
Natasha claws you but does no damage. x2
You slash Natasha!
Natasha is severely wounded.
You feel less wooden.
Your +0 pair of boots unmelds from your body.
Your +0 animal skin unmelds from your body.
Natasha claws you!
You die...

####......# #.. #..........##
... #...........###### ## ....
#.............##.# .#####....
#.....)......###.# .........
#..........#..##.## ......
#..........##.)...#####..#
#.....>....##.....##....#
####.........†h@).)))..##)# ..
#..........####....)#####.##....
#..........# #.#######.........
#..........# #..## #...###....
#..........# ##..####.#.# ...
#..........#####.........# ###..
#....................##.####...#
#..........####..............###
#............#..#....)..........


You could see Natasha (fast).

Vanquished Creatures
  2 orc wizards (D:2)
  Natasha (D:2)
  2 adders (D:2)
  A worm (D:2)
  2 dart slugs
  3 leopard geckos (D:2)
  3 orcs (D:2)
  2 bats
  A giant cockroach (D:1)
  5 goblins
  7 hobgoblins
  3 jackals (D:2)
  6 kobolds
  2 ball pythons (D:2)
  4 frilled lizards
  4 rats (D:1)
48 creatures vanquished.

Notes
Turn   | Place    | Note
-------+----------+-------------------------------------------
     0 | D:1      | meliss the Minotaur Berserker began the quest for the Orb.
     0 | D:1      | Reached XP level 1. HP: 19/19 MP: 0/0
   398 | D:1      | Reached XP level 2. HP: 24/27 MP: 1/1
   421 | D:1      | Reached skill level 4 in Long Blades
   936 | D:2      | Reached XP level 3. HP: 28/33 MP: 2/2
  1074 | D:2      | Reached ** piety under Trog
  1547 | D:2      | Reached skill level 5 in Long Blades
  1547 | D:2      | Reached XP level 4. HP: 33/41 MP: 3/3
  1564 | D:2      | Noticed Natasha
  1586 | D:2      | Killed Natasha
  1587 | D:2      | Reached XP level 5. HP: 7/47 MP: 4/4
  1636 | D:2      | Noticed Natasha
  1648 | D:2      | Slain by Natasha

Illustrated notes

Levels and vault maps discovered:
D:1:      scummos_arrival_checkerplants, layout_rooms, st_stairs_1
D:2:      minmay_kobold_bridge, layout_rooms, nicolae_overflow_hidden_temple,
          minmay_crystal_room, uniq_natasha, uniq_jessica

Skill      XL: |  1  2  3  4 |
---------------+-------------+-----
Long Blades    | 4 5 |  5.4
Fighting       | 4 |  4.8
Dodging        | 3 |  3.0
Armour         | |  2.8
Stealth        | |  0.6

Action                   |  1- 3 |  4- 6 || total
-------------------------+-------+-------++-------
Melee: Falchion          |    90 |    14 ||   104
       Headbutt          |    12 |     3 ||    15
Invok: Berserk           |     1 |       ||     1
  Use: Potion            |       |     3 ||     3
 Stab: Sleeping          |     1 |       ||     1
Armor: Animal skin       |    16 |     2 ||    18
       Skin              |       |     2 ||     2
Dodge: Dodged            |    54 |     3 ||    57
       Rpst.: Falchion   |    16 |     1 ||    17

Table legend: (Time is in decaauts)
 A = Elapsed time spent in this place.
 B = Non-inter-level travel time spent in this place.
 C = Inter-level travel time spent in this place.
 D = Time resting spent in this place.
 E = Time spent auto-exploring this place.
 F = Levels seen in this place.
 G = Mean time per level.
                   A        B        C        D        E       F      G
               +--------+--------+--------+--------+--------+-----+--------+
         Total |   1641 |   1630 |     11 |    818 |    331 |   2 |  820.5 |
       Dungeon |   1641 |   1630 |     11 |    818 |    331 |   2 |  820.5 |
               +--------+--------+--------+--------+--------+-----+--------+

Top non-repeatable levels by time:
     D:1: 896 daAuts
     D:2: 745 daAuts
